 Dungeon Crawl Stone Soup version 0.24.0-37-gcf1ca852f1 (webtiles) character file.

Game seed: 422471726358046702, levelgen mode: deterministic

21 McKennaii the Skirmisher (level 2, -1/24 HPs)
             Began as a Demonspawn Fighter on Nov 30, 2019.
             Slain by a worm (10 damage)
             ... on level 2 of the Dungeon.
             The game lasted 00:00:46 (747 turns).

McKennaii the Skirmisher (Demonspawn Fighter)        Turns: 747, Time: 00:00:47

Health: -1/24      AC:  7    Str: 16    XL:     2   Next: 62%
Magic:  2/2        EV:  6    Int:  9    God:
Gold:   60         SH:  8    Dex: 12    Spells: 1/1 levels left

rFire    . . .     SeeInvis .   a - +0 war axe
rCold    . . .     Gourm    .   c - +0 shield
rNeg     . . .     Faith    .   b - +0 scale mail
rPois    .         Spirit   .   (no helmet)
rElec    .         Reflect  .   (no cloak)
rCorr    .         Harm     .   (no gloves)
MR       .....                  (no boots)
Stlth    ..........             (no amulet)
HPRegen  0.08/turn              (no ring)
MPRegen  0.08/turn              (no ring)

@: no status effects
A: rugged brown scales 1
a: no special abilities


You were on level 2 of the Dungeon.
You were not hungry.

You visited 1 branch of the dungeon, and saw 2 of its levels.

You collected 60 gold pieces.

Inventory:

Hand Weapons
 a - a +0 war axe (weapon)
Armour
 b - a +0 scale mail (worn)
 c - a +0 shield (worn)
Scrolls
 e - a scroll of immolation {unknown}
 g - a scroll of enchant armour {unknown}
 h - a scroll of identify {unknown}
 i - a scroll of fear {unknown}
 j - a scroll of magic mapping {unknown}
 m - a scroll of enchant weapon {unknown}
 o - a scroll of remove curse {unknown}
Potions
 d - a potion of might
 k - 2 potions of heal wounds {unknown}
 l - a potion of lignification {unknown}
 n - a potion of resistance {unknown}
Comestibles
 f - a ration


   Skills:
 + Level 3.3 Fighting
 + Level 2.0 Axes
 + Level 3.0 Armour
 + Level 2.9 Shields


You had one spell level left.
You didn't know any spells.
Your spell library was empty.

Dungeon Overview and Level Annotations

Branches:
Dungeon (2/15)

Altars:
Trog


Innate Abilities, Weirdness & Mutations

You are partially covered in rugged brown scales. (AC +1, +3% HP)


Message History

The rat is heavily wounded.
You hit the worm but do no damage.
The moth of wrath goads the worm on!
The worm goes berserk!
You block the rat's attack. The worm barely misses you.
You hit the rat.
You kill the rat!
You hit the worm. You barely miss the rat. The worm bites you!
The rat bites you.
You are too injured to fight recklessly!
You are too injured to fight recklessly!
You are too injured to fight recklessly!
You hit the worm.
The worm is lightly wounded.
You hit the rat.
You kill the rat!
Your Armour skill increases to level 3!
The worm bites you but does no damage.
You hit the worm.
The worm is moderately wounded.
The worm bites you. The worm bites you!
You die...

#................##.
###...).######## .#.
#.......##########..
#.###(............#. #.#
#..####.#####.#.
####.####..............
##.......##########.....
#.........## ###.##
#.......@...# #.#
#....###w†..# ..#
#...##y##...# ####
#....###....#
##.........##
#...._....# ##..)....##
###)))###


You could see a moth of wrath and a worm (berserk).

Vanquished Creatures
  A dart slug (D:1)
  2 giant cockroaches
  2 goblins (D:1)
  2 hobgoblins (D:1)
  4 bats
  3 frilled lizards (D:1)
  A kobold (D:1)
  5 rats
20 creatures vanquished.

Notes
Turn   | Place    | Note
-------+----------+-------------------------------------------
     0 | D:1      | McKennaii the Demonspawn Fighter began the quest for the
                  | Orb.
     0 | D:1      | Reached XP level 1. HP: 18/18 MP: 1/1
   117 | D:1      | Gained mutation: You are partially covered in rugged brown
                  | scales. (AC +1, +3% HP) [demonic ancestry]
   117 | D:1      | Reached XP level 2. HP: 9/24 MP: 2/2
   734 | D:2      | Noticed a moth of wrath
   737 | D:2      | Found a bloodstained altar of Trog.
   747 | D:2      | Slain by a worm

Levels and vault maps discovered:
D:1:      scummos_arrival_forest, layout_loops_ring
D:2:      layout_loops_ring, lemuel_crystal_altar, tgw_trog, old_standard_altar,
          lemuel_coloured_pillars_altar, first_ration, minmay_pentomino_p4,
          uniq_natasha

Skill      XL: |  1  2 |
---------------+-------+-----
Axes           | 2 |  2.0
Armour         | 3 |  3.0
Fighting       | |  3.3
Shields        | |  2.9

Action                   || total
-------------------------++-------
Melee: War axe           ||    53
Armor: Scale mail        ||    26
Dodge: Dodged            ||    16
Block: Shield            ||    35
